 Dungeon Crawl Stone Soup version 0.28-a0-537-g3bccd9ccbf (webtiles) character file.

Game seed: 3774446062118552647

8220 sanka the Fighter (level 11, -6/96 HPs)
             Began as a Palentonga Berserker on Sept 27, 2021.
             Was a High Priest of Trog.
             Killed from afar by Erica (22 damage)
             ... with a lance of force
             ... on level 10 of the Dungeon.
             The game lasted 00:12:09 (10225 turns).

sanka the Fighter (Palentonga Berserker)           Turns: 10225, Time: 00:12:09

Health: -6/96      AC: 16    Str: 27    XL:     11   Next: 7%
Magic:  11/11      EV: 10    Int:  7    God:    Trog [*****.]
Gold:   333        SH: 10    Dex: 19    Spells: 10/10 levels left

rFire   . . .      SeeInvis +   a - +7 Singing Sword {vorpal, sonic wave}
rCold   . . .      Faith    .   x - +0 kite shield
rNeg    . . .      Spirit   .   t - +0 acid dragon scales
rPois   .          Reflect  .   j - +1 helmet
rElec   .          Harm     .   A - scarf {+Inv}
rCorr   +          Rampage  .   (no gloves)
Will    .....                   (no barding)
Stlth   +.........              (no amulet)
HPRegen 0.26/turn               I - +6 ring of strength
MPRegen 0.12/turn               g - +6 ring of dexterity

@: lethally poisoned (-6 -> -10), curled up
A: large, rugged brown scales 3, see invisible, deformed body, roll 1, armoured
tail, reflexive curl
a: Rolling Charge, Renounce Religion, Evoke Invisibility, Berserk, Trog's Hand,
Brothers in Arms


You were on level 10 of the Dungeon.
You worshipped Trog.
Trog was extremely pleased with you.
You visited 1 branch of the dungeon, and saw 10 of its levels.

You collected 459 gold pieces.
You spent 126 gold pieces at shops.


Innate Abilities, Weirdness & Mutations

You are completely covered in rugged brown scales. (AC +3, +7% HP)
You have supernaturally acute eyesight. (SInv)
Armour fits poorly on your strangely shaped body.
You can roll at nearby foes to attack.
You have a long armoured tail.
You curl defensively after being hit.


   Skills:
 + Level 10.0 Fighting
 * Level 10.0 Long Blades
 - Level 5.2 Axes
 + Level 4.7 Armour
 + Level 4.6 Dodging
 + Level 4.3 Shields


You had 10 spell levels left.
You didn't know any spells.
Your spell library was empty.

Inventory:

Hand Weapons
 a - the +7 Singing Sword (weapon) {vorpal, sonic wave}

   It inflicts extra damage upon your enemies.
   It radiates damaging sonic waves as it strikes, especially in combat
   involving dangerous or numerous foes.
Missiles
 H - a curare-tipped dart {=f}
Armour
 j - a +1 helmet (worn)
 t - +0 acid dragon scales (worn)
 x - a +0 kite shield (worn)
 A - a scarf of invisibility (worn)
Jewellery
 g - a +6 ring of dexterity (right hand)
 z - a +6 ring of dexterity
 I - a +6 ring of strength (left hand)
Wands
 b - a wand of charming (4)
 y - a wand of polymorph (8)
 F - a wand of digging (6)
Scrolls
 c - 2 scrolls of summoning
 d - 2 scrolls of brand weapon
 e - 5 scrolls of teleportation {@r4}
 f - 2 scrolls of immolation {unknown}
 k - a scroll of enchant armour {unknown}
 n - a scroll of magic mapping {unknown}
 p - 4 scrolls of fog
 q - 2 scrolls of fear
 r - 2 scrolls of torment {unknown}
 u - a scroll of acquirement {unknown}
 B - a scroll of identify {@r1}
 C - a scroll of enchant weapon {unknown}
 E - 2 scrolls of vulnerability {unknown}
Potions
 h - a potion of brilliance {unknown}
 i - 2 potions of might {unknown}
 l - 4 potions of attraction {unknown}
 m - 3 potions of ambrosia {unknown}
 o - 3 potions of heal wounds {unknown}
 s - 2 potions of resistance {unknown}
 v - 2 potions of curing {unknown}
 w - a potion of haste {@q3}
 D - a potion of mutation {unknown}
 G - a potion of invisibility {unknown}

Dungeon Overview and Level Annotations

Branches:
Dungeon (10/15)            Temple (0/1) D:7             Orc (0/2) D:9
   Lair: D:8-11

Altars:
Makhleb
Nemelex Xobeh
Ru
Xom
Yredelemnul
Zin
Beogh

Shops:
D:1 ?

Annotations:
D:10 Erica

. +.........+ .
▒.........▒ ▒
▒.........▒▒▒▒▒▒▒
▒▒▒▒▒▒+▒.........
▒......'.(.......
▒......▒.#......Z
▒▒▒▒▒▒▒▒.........
▒▒#▒▒....
▒.H.▒▒...
▒.@D..▒...
▒....≈▒ ▒▒
▒...≈≈▒ ..≈≈≈▒▒
≈≈≈▒▒▒▒ ▒▒▒▒


You could see Erica and a steam dragon.


Message History

You are engulfed in a cloud of scalding steam.
* * * LOW HITPOINT WARNING * * *
You feel very sick. The steam dragon breathes steam at you.
The ball of steam hits you!
* * * LOW HITPOINT WARNING * * *
Erica hits you but does no damage.
You slash the steam dragon!
The Singing Sword shouts deafeningly.
You send a blast of sound all around you.
The steam dragon and Erica are blasted.
The steam dragon is moderately wounded.
Erica is heavily wounded.
You kill the steam dragon!
Trog accepts your kill.
You are engulfed in a cloud of scalding steam.
You feel sick. The steam dragon breathes steam at you.
The ball of steam hits you.
* * * LOW HITPOINT WARNING * * *
Erica points at you and mumbles some strange words.
The lance of force misses you.
Your Long Blades skill increases to level 10!
You closely miss Erica.
Your tail-slap misses Erica.
Erica is heavily wounded.
You feel sick.
Erica points at you and mumbles some strange words.
The lance of force hits you!!
You die...

Action                   |  1- 3 |  4- 6 |  7- 9 | 10-12 || total
-------------------------+-------+-------+-------+-------++-------
Melee: Hand axe          |    90 |   109 |       |       ||   199
       Tailslap          |    11 |    22 |    20 |    13 ||    66
       Double sword      |       |    18 |   120 |    64 ||   202
Invok: Berserk           |       |       |     1 |       ||     1
 Abil: Rolling Charge    |    12 |     2 |     3 |     2 ||    19
  Use: Scroll            |       |     4 |       |       ||     4
 Stab: Sleeping          |       |     1 |     4 |       ||     5
Armor: Animal skin       |    33 |    36 |    39 |     2 ||   110
       Acid dragon scale |       |       |       |    12 ||    12
Dodge: Dodged            |    42 |    71 |    59 |    14 ||   186
Block: Kite shield       |       |       |    41 |    28 ||    69

Levels and vault maps discovered:
D:1:      minmay_arrival_wavy_path, layout_loops_cross, serial_shops, shop
D:2:      layout_basic, serial_co_window_serial, co_window_paths_a,
          co_window_of_opportunity_a, co_window_paths_a,
          co_window_of_opportunity_a, co_window_paths_b, co_window_paths_a,
          co_window_paths_b, co_window_paths_c, co_window_2corner,
          co_window_broadway_a, co_window_unsneaky_path_a, co_window_paths_d,
          co_window_4corner_b, glass_columns_c, glass_columns_c,
          glass_columns_c, glass_columns_a, grunt_decor_clamped
D:3:      layout_rooms, dreamdust_ecumenical_altar_hidden_monk_grotto,
          moated_statue, due_unseen_surprise, uniq_robin, uniq_jessica
D:4:      layout_cave_pools, nicolae_overflow_hidden_temple
D:5:      layout_loops_corners, mainiacjoe_overflow_tiny_flanked, uniq_grinder
D:6:      layout_rooms, kennysheep_boxes
D:7:      layout_basic, grunt_temple_overflow_champion_of_chaos,
          minmay_temple_entry_overgrown
D:8:      layout_basic, gammafunk_ghost_grave, uniq_joseph
D:9:      minmay_distorted_concentric_squares, layout_basic,
          kennysheep_orc_monster_closet_entryway, special_room
          [special_room_orc], statue_in_the_mist_lemuel
D:10:     cheibrodos_steamvent, layout_gridville,
          nicolae_hepliaklqana_monster_ancestors, due_lair_maze_entry_diamond,
          uniq_erica

Notes
Turn   | Place    | Note
-------+----------+-------------------------------------------
     0 | D:1      | sanka the Palentonga Berserker began the quest for the Orb.
     0 | D:1      | Reached XP level 1. HP: 19/19 MP: 1/1
   113 | D:1      | Found Qyoxos's Magic Scroll Shop.
   208 | D:1      | Reached XP level 2. HP: 19/25 MP: 2/2
  1101 | D:2      | Reached XP level 3. HP: 24/32 MP: 3/3
  2259 | D:3      | Noticed Robin
  2556 | D:2      | Killed Robin
  2557 | D:2      | Reached skill level 4 in Fighting
  2557 | D:2      | Reached skill level 4 in Axes
  2642 | D:3      | Reached XP level 4. HP: 38/39 MP: 4/4
  2648 | D:3      | Reached ** piety under Trog
  3033 | D:3      | Noticed Jessica
  3044 | D:3      | Killed Jessica
  3180 | D:3      | Reached XP level 5. HP: 44/46 MP: 5/5
  3307 | D:3      | Found a faded altar of an unknown god.
  3547 | D:4      | Reached skill level 5 in Fighting
  3547 | D:4      | Reached skill level 5 in Axes
  3916 | D:4      | Found a sacrificial altar of Ru.
  3982 | D:4      | Reached XP level 6. HP: 52/54 MP: 6/6
  4032 | D:4      | Found the +7 Singing Sword {vorpal, sonic wave}
  4141 | D:4      | Found a sparkling altar of Nemelex Xobeh.
  4251 | D:1      | Bought a scroll of fog for 24 gold pieces
  4251 | D:1      | Bought a scroll of teleportation for 36 gold pieces
  4251 | D:1      | Bought a scroll of fear for 42 gold pieces
  4251 | D:1      | Bought a scroll of identify for 24 gold pieces
  4354 | D:4      | Found a glowing silver altar of Zin.
  4389 | D:5      | Entered Level 5 of the Dungeon
  4422 | D:5      | Reached skill level 1 in Long Blades
  4430 | D:5      | Reached skill level 2 in Long Blades
  4584 | D:5      | Reached skill level 6 in Fighting
  4584 | D:5      | Gained mutation: You curl defensively after being hit.
                  | [Palentonga growth]
  4584 | D:5      | Reached XP level 7. HP: 42/62 MP: 7/7
  4818 | D:5      | Noticed Grinder
  4824 | D:5      | Killed Grinder
  4825 | D:5      | Reached skill level 3 in Long Blades
  4929 | D:5      | Found a basalt altar of Yredelemnul.
  5099 | D:5      | Reached *** piety under Trog
  5100 | D:5      | Reached skill level 7 in Fighting
  5100 | D:5      | Reached skill level 4 in Long Blades
  5292 | D:5      | Reached XP level 8. HP: 55/71 MP: 8/8
  5696 | D:6      | Reached skill level 5 in Long Blades
  5958 | D:6      | Reached skill level 8 in Fighting
  6078 | D:6      | Reached skill level 6 in Long Blades
  6571 | D:7      | Reached skill level 2 in Armour
  6571 | D:7      | Reached skill level 2 in Dodging
  6758 | D:7      | Reached skill level 1 in Shields
  6758 | D:7      | Reached XP level 9. HP: 40/80 MP: 9/9
  7024 | D:7      | Reached skill level 7 in Long Blades
  7131 | D:7      | Found a shimmering altar of Xom.
  7132 | D:7      | Found a burning altar of Makhleb.
  7148 | D:7      | Found a staircase to the Ecumenical Temple.
  7634 | D:8      | Noticed Joseph
  7640 | D:8      | Killed Joseph
  7641 | D:8      | Reached skill level 9 in Fighting
  7641 | D:8      | Reached skill level 2 in Shields
  7680 | D:8      | Reached skill level 3 in Armour
  7988 | D:8      | Found a runed translucent door.
  8058 | D:8      | Paralysed by a hornet for 2 turns
  8062 | D:8      | Reached skill level 3 in Dodging
  8275 | D:8      | Noticed Megustar's ghost (novice DEFE)
  8351 | D:8      | Identified the +9 hunting sling of Hospitality {vorpal,
                  | Int+2}
  8574 | D:8      | Reached skill level 8 in Long Blades
  8893 | D:8      | Killed Megustar's ghost
  8893 | D:8      | Reached **** piety under Trog
  8894 | D:8      | Reached skill level 3 in Shields
  8894 | D:8      | Reached XP level 10. HP: 77/88 MP: 10/10
  9168 | D:9      | Reached skill level 9 in Long Blades
  9168 | D:9      | Reached skill level 4 in Armour
  9168 | D:9      | Reached skill level 4 in Dodging
  9314 | D:9      | Identified +0 acid dragon scales
  9509 | D:9      | Found a staircase to the Orcish Mines.
  9512 | D:9      | Reached ***** piety under Trog
  9513 | D:9      | Reached skill level 4 in Shields
  9523 | D:9      | Reached skill level 10 in Fighting
  9905 | D:9      | Reached XP level 11. HP: 88/96 MP: 11/11
 10008 | D:10     | Entered Level 10 of the Dungeon
 10219 | D:10     | Noticed Erica
 10225 | D:10     | Reached skill level 10 in Long Blades
 10225 | D:10     | Killed from afar by Erica

Vanquished Creatures
  The ghost of Megustar the Arsonist, a novice DEFE of Vehumet (D:8)
  Joseph (D:8)
  A troll (D:9)
  A hornet (D:8)
  Grinder (D:5)
  A wyvern (D:10)
  10 yaks (D:9)
  2 steam dragons
  An acid dragon (D:9)
  2 water moccasins
  4 ice beasts
  8 orc warriors
  A black bear (D:10)
  2 necrophages
  10 ogres
  2 centaurs
  2 phantoms
  4 kobold brigands (D:9)
  2 bullfrogs
  3 gnoll sergeants
  2 scorpions
  A wyvern zombie (D:7)
  A water moccasin skeleton (D:5)
  5 killer bees
  A howler monkey (D:5)
  A crimson imp (D:7)
  A bullfrog zombie (D:7)
  A centaur zombie (D:9)
  4 hounds
  3 orc priests
  A jelly (D:8)
  A gnoll shaman (D:9)
  An iguana (D:5)
  Jessica (D:3)
  2 bullfrog skeletons
  5 orc wizards
  2 hound skeletons (D:4)
  2 howler monkey zombies (D:8)
  Robin (D:2)
  4 adders
  12 gnolls
  A shadow imp (D:7)
  A white imp (D:7)
  An ufetubus (D:5)
  An adder skeleton (D:5)
  A worm (D:2)
  3 dart slugs
  48 orcs
  6 ball pythons
  5 endoplasms
  2 giant cockroaches
  9 goblins
  10 hobgoblins
  5 kobolds
  4 quokkas
  3 bats
  A frilled lizard (D:2)
  7 rats
219 creatures vanquished.

Vanquished Creatures (others)
  34 fungi (D:10)
  90 plants
124 creatures vanquished.

Grand Total: 343 creatures vanquished
